 Dungeon Crawl Stone Soup version 0.19-a0-1740-g0bcaf2e (webtiles) character file.

13792 Amnesiac the Geomancer (level 11, -10/81 HPs)
             Began as a Deep Dwarf Earth Elementalist on Oct 1, 2016.
             Was a Priest of Ashenzari.
             Mangled by a phantasmal warrior (36 damage)
             ... led by a death knight
             ... on level 12 of the Dungeon.
             The game lasted 00:39:28 (11460 turns).

Amnesiac the Geomancer (DDEE)                      Turns: 11460, Time: 00:39:29

Health: -10/81     AC:  4    Str: 11 (12) XL:     11   Next: 80%
Magic:  11/20      EV: 13    Int: 16      God:    Ashenzari [***...]
Gold:   564        SH:  5    Dex: 16      Spells: 4 memorised, 11 levels left

rFire  . . .     SeeInvis +     h - +1 dagger (curse)
rCold  . . .     Gourm    .     c - +0 robe
rNeg   . . .     Faith    .     g - +0 buckler (curse)
rPois  .         Spirit   .     (helmet restricted)
rElec  .         Dismiss  +     (no cloak)
rCorr  .         Reflect  .     t - +1 pair of gloves
MR     .....     Harm     .     (no boots)
Stlth  +++++.....               r - amulet of dismissal (curse)
                                j - +1 ring of slaying (curse)
                                (no ring)

@: vulnerable, non-regenerating
A: damage resistance, recharge devices, antennae 1, see invisible, sense
surroundings 2, slow regeneration 3, wild magic 1
a: Device Recharging, Curse Item, Scrying, Renounce Religion


You were on level 12 of the Dungeon.
You worshipped Ashenzari.
Ashenzari was most pleased with you.
You were not hungry.

You visited 3 branches of the dungeon, and saw 14 of its levels.

You collected 564 gold pieces.

Inventory:

Hand Weapons
 h - a cursed +1 dagger (weapon)
 u - a +1 short sword of draining
 S - a +3 long sword of electrocution
Missiles
 b - 192 stones (quivered)
 l - 5 throwing nets
Armour
 c - a +0 robe (worn)
 g - a cursed +0 buckler (worn)
 m - a +0 shield
 t - a +1 pair of gloves (worn)
 C - a +0 helmet
Jewellery
 j - a cursed +1 ring of slaying (right hand)
 r - a cursed amulet of dismissal (around neck)
Wands
 d - a wand of heal wounds (2/9)
 o - a wand of enslavement (11/24)
 q - a wand of disintegration (7/24)
 s - a wand of random effects (20/48)
 D - a wand of teleportation (5/9)
 M - a wand of lightning (6/15)
 N - a wand of paralysis (17/24)
 P - a wand of hasting (2/9)
 Q - a wand of polymorph (11/24)
Scrolls
 a - 6 scrolls of amnesia
 A - a scroll of fear
 G - a scroll of remove curse
 K - 3 scrolls of magic mapping
Potions
 i - 3 potions of curing
 n - 2 potions of cancellation
 p - 4 potions of berserk rage
 v - a potion of invisibility
 w - a potion of might
 x - 2 potions of lignification
 E - 2 potions of magic
 F - 2 potions of agility
 O - a potion of haste
Books
 e - a book of Geomancy

   Spells                             Type                      Level
   a - Sandblast                      Earth                        1
   b - Passwall                       Transmutation/Earth          2
   c - Stone Arrow                    Conjuration/Earth            3
   d - Petrify                        Transmutation/Earth          4
   e - Lee's Rapid Deconstruction     Earth                        5
 y - a book of Changes

   Spells                             Type                      Level
   a - Beastly Appendage              Transmutation                1
   b - Sticks to Snakes               Transmutation                2
   c - Spider Form                    Transmutation/Poison         3
   d - Ice Form                       Ice/Transmutation            4
   e - Blade Hands                    Transmutation                5
 B - the Guide on Dislocation and Enhancements
   (You found it on level 4 of the Dungeon)

   Spells                             Type                      Level
   a - Song of Slaying                Charms                       2
   b - Recall                         Summoning/Translocation      3
   c - Force Lance                    Conjuration/Translocation    4
   d - Passage of Golubria            Translocation                4
   e - Iskenderun's Battlesphere      Conjuration/Charms           5
 H - a book of Air

   Spells                             Type                      Level
   a - Shock                          Conjuration/Air              1
   b - Swiftness                      Charms/Air                   2
   c - Repel Missiles                 Charms/Air                   2
   d - Static Discharge               Conjuration/Air              3
   e - Lightning Bolt                 Conjuration/Air              5
 U - a book of Party Tricks

   Spells                             Type                      Level
   a - Summon Butterflies             Summoning                    1
   b - Apportation                    Translocation                1
   c - Tukima's Dance                 Hexes                        3
   d - Alistair's Intoxication        Transmutation/Poison         5
   e - Invisibility                   Hexes                        6
Comestibles
 f - 20 bread rations
 k - 4 meat rations
 z - 8 chunks of flesh
 T - 5 fruits


   Skills:
 - Level 7.0(10.0) Short Blades
 - Level 2.1 Dodging
 + Level 12.9 Stealth
 - Level 2.8(4.4) Shields
 - Level 6.5 Spellcasting
 - Level 6.5(8.4) Transmutations
 - Level 13.0(14.5) Earth Magic


You had 11 spell levels left.
You knew the following spells:

 Your Spells              Type           Power        Failure   Level  Hunger
a - Sandblast             Erth           ######       1%          1    None
e - Petrify               Tmut/Erth      ######..     2%          4    ####...
f - Lee's Rapid Deconstr  Erth           ######....   1%          5    #####..
v - Passwall              Tmut/Erth      ######....   1%          2    None


Dungeon Overview and Level Annotations

Branches:
Dungeon (12/15)            Temple (1/1) D:4            Lair (1/6) D:8
    Orc (0/2) D:11

Altars:
Ashenzari
Cheibriados
Elyvilon
Fedhas
Gozag
Hepliaklqana
Kikubaaqudgha
Makhleb
Nemelex Xobeh
Qazlal
Sif Muna
Trog
Uskayaw
Vehumet
Xom
Yredelemnul

Shops:
D:4 =   D:8 [   D:11 %


Innate Abilities, Weirdness & Mutations

You are resistant to damage.
You can recharge devices by infusing magical energy.
You passively map the area around you.
You do not regenerate.
You have a pair of small antennae on your head.
You have supernaturally acute eyesight. (SInv)
Your spells are a little harder to cast, but a little more powerful.


Message History

Aim: an adder (chance to defeat MR: 80%)
The adder is moving more slowly.
The phantasmal warrior blinks!
Unknown command.
You hit the adder.
You catch the helpless adder completely off-guard!
You impale the adder!!
You kill the adder!
The phantasmal warrior barely misses you.
You can't unwield your weapon to draw a new one!
Unknown command.
Casting: Petrify
Confirm with . or Enter, or press ? or * to list all spells.
Which direction?
The phantasmal warrior hits you!!
Your magical defenses are stripped away!
You begin to meditate on the wall.
You continue meditating on the rock.
The phantasmal warrior closely misses you.
You continue meditating on the rock.
The phantasmal warrior hits you!!!
You die...

#......+, *** **
#......# *,* ,
###+#### *,, ####...#
,, * * ###..§)§§###
,** * #...§§§§§§.# .
, * #...)§§.§..#
*,,... ,
#....§§§§§.####.....,
,
#....§§....W@Z......
*
#.........)####.....
, , ##.#########* ,
... ** , #.* ,, . #.,
, ** ##,* * *,, ,, *
, , , , +* * , * * ,
* * ** *,,, ,


You could see a phantasmal warrior and a centaur zombie.

Vanquished Creatures
  Harold (Lair:1)
  Erica (Lair:1)
  An unseen horror (D:10)
  2 ugly things (D:11)
  2 gargoyles (D:11)
  A queen bee (D:9)
  4 blink frogs (Lair:1)
  A slime creature (D:10)
  A hippogriff (D:8)
  A spriggan (D:7)
  A basilisk (Lair:1)
  A wyvern (D:11)
  14 yaks
  A soldier ant (D:10)
  Purgy (D:4)
  A porcupine (D:8)
  3 phantoms
  3 orc warriors
  4 ice beasts
  A sky beast (D:10)
  An eye of draining (D:8)
  A necrophage (D:12)
  2 black bears
  5 ogres
  4 centaurs
  2 big kobolds
  7 bullfrogs
  A gnoll sergeant (D:9)
  A scorpion (D:8)
  A water moccasin skeleton (D:8)
  17 killer bees
  3 wights (D:12)
  5 bullfrog zombies
  3 crimson imps
  5 centaur zombies
  9 jellies
  10 orc wizards
  3 orc priests
  5 hounds
  3 bullfrog skeletons
  Terence (D:2)
  4 iguanas
  9 worker ants
  A killer bee zombie (D:8)
  2 hound zombies
  A hound skeleton (D:11)
  A howler monkey zombie (D:8)
  2 worker ant zombies
  7 gnolls
  2 river rats (D:8)
  14 adders
  2 shadow imps (D:8)
  14 oozes (D:10)
  2 adder zombies
  A worm (D:4)
  4 dart slugs
  6 leopard geckos
  37 orcs
  9 bats
  5 giant cockroaches
  4 hobgoblins
  14 jackals
  4 quokkas
  3 ball pythons
  5 frilled lizards
  7 goblins
  16 kobolds
  A leopard gecko skeleton (D:7)
  7 rats
318 creatures vanquished.

Vanquished Creatures (others)
  5 fungi
  8 plants (D:9)
13 creatures vanquished.

Grand Total: 331 creatures vanquished

Notes
Turn   | Place    | Note
-------+----------+-------------------------------------------
     0 | D:1      | Amnesiac the Deep Dwarf Earth Elementalist began the quest for the Orb.
     0 | D:1      | Reached XP level 1. HP: 15/15 MP: 3/3
    91 | D:2      | Found a blossoming altar of Fedhas.
   150 | D:2      | Reached XP level 2. HP: 22/22 MP: 2/5
   154 | D:2      | Learned a level 2 spell: Passwall
   189 | D:3      | Noticed an ice beast
   303 | D:4      | Reached XP level 3. HP: 25/28 MP: 0/6
   363 | D:3      | Reached skill level 5 in Earth Magic
   412 | D:4      | Reached skill level 1 in Transmutations
   625 | D:4      | Found a stormy altar of Qazlal.
   704 | D:4      | Noticed an ogre
   708 | D:4      | Killed an ogre
   708 | D:4      | Reached skill level 6 in Earth Magic
   708 | D:4      | Reached XP level 4. HP: 32/36 MP: 3/7
   783 | D:4      | Noticed Purgy
   789 | D:4      | Killed Purgy
   789 | D:4      | Reached skill level 7 in Earth Magic
   789 | D:4      | Reached XP level 5. HP: 31/42 MP: 1/8
   876 | D:4      | Reached skill level 8 in Earth Magic
   907 | D:4      | Reached XP level 6. HP: 36/49 MP: 5/10
   962 | D:4      | Found a staircase to the Ecumenical Temple.
   966 | Temple   | Entered the Ecumenical Temple
  1042 | Temple   | Became a worshipper of Ashenzari the Shackled
  1087 | D:4      | Learned a level 5 spell: Lee's Rapid Deconstruction
  1124 | D:4      | Found Diodayny's Jewellery Boutique.
  1648 | D:1      | Learned a level 4 spell: Petrify
  2183 | D:2      | Noticed Terence
  2197 | D:2      | Killed Terence
  2559 | D:3      | Killed an ice beast
  2559 | D:3      | Reached XP level 7. HP: 36/55 MP: 4/13
  2941 | D:4      | Identified the Guide on Dislocation and Enhancements
  3079 | D:5      | Entered Level 5 of the Dungeon
  3099 | D:5      | Reached * piety under Ashenzari
  3129 | D:5      | Found a basalt altar of Yredelemnul.
  3580 | D:5      | Reached skill level 9 in Earth Magic
  4043 | D:6      | Reached skill level 10 in Earth Magic
  4052 | D:6      | Reached XP level 8. HP: 42/62 MP: 6/14
  4055 | D:6      | Found a sparkling altar of Nemelex Xobeh.
  4201 | D:6      | Found a snail-covered altar of Cheibriados.
  4203 | D:6      | Found a shimmering altar of Xom.
  4349 | D:6      | Reached skill level 11 in Earth Magic
  4360 | D:6      | Found a hazy altar of Hepliaklqana.
  4360 | D:6      | Found a hide-covered altar of Uskayaw.
  4769 | D:7      | Reached skill level 12 in Earth Magic
  5068 | D:7      | Reached skill level 13 in Earth Magic
  5353 | D:8      | Gained mutation: You passively map the area around you. [Deep Dwarf growth]
  5353 | D:8      | Reached XP level 9. HP: 37/68 MP: 13/15
  5515 | D:8      | Reached skill level 5 in Transmutations
  5709 | D:8      | Found Taqeluta's Armour Boutique.
  5915 | D:8      | Found a staircase to the Lair.
  6261 | D:8      | Reached skill level 5 in Spellcasting
  6347 | D:9      | Got the cursed ring mail "Hoyruixt" {rN+ Regen+ Int+4}
  6428 | D:9      | Reached skill level 1 in Shields
  6542 | D:9      | Reached ** piety under Ashenzari
  6766 | D:9      | Reached skill level 1 in Short Blades
  6771 | D:9      | Found a bloodstained altar of Trog.
  6775 | D:9      | Found a deep blue altar of Sif Muna.
  6859 | D:9      | HP: 2/68 [gnoll sergeant/trident (12)]
  7571 | D:9      | Reached XP level 10. HP: 56/75 MP: 15/19
  8295 | D:10     | Entered Level 10 of the Dungeon
  8532 | D:10     | Reached skill level 5 in Stealth
  9209 | D:10     | Identified the +0 mace "Nodwuladd" {flame, rF+ Str+3}
  9617 | D:10     | Reached skill level 5 in Short Blades
  9867 | Lair:1   | Entered Level 1 of the Lair of Beasts
  9867 | Lair:1   | Reached *** piety under Ashenzari
  9876 | Lair:1   | Noticed Erica
  9896 | Lair:1   | Killed Erica
  9896 | Lair:1   | Reached XP level 11. HP: 62/81 MP: 2/20
  9913 | Lair:1   | Noticed Harold
  9926 | Lair:1   | Killed Harold
 10122 | Lair:1   | Identified the cursed +1 ring mail "Hoyruixt" {rN+ Regen+ Int+4} (You found it on level 9 of the Dungeon)
 10436 | D:11     | Found a staircase to the Orcish Mines.
 10595 | D:10     | Noticed an unseen horror
 10601 | D:10     | Killed an unseen horror
 10601 | D:10     | Reached skill level 10 in Stealth
 10880 | D:11     | Noticed a white ugly thing
 10886 | D:11     | Killed a white ugly thing
 10893 | D:11     | Gained mutation: You have a pair of small antennae on your head. [mutagenic meat]
 10896 | D:11     | Gained mutation: Your spells are a little harder to cast, but a little more powerful. [mutagenic meat]
 10899 | D:11     | Gained mutation: You have supernaturally acute eyesight. (SInv) [mutagenic meat]
 10904 | D:11     | Found Jorinwy's Food Shoppe.
 11074 | D:11     | Noticed a cyan ugly thing
 11087 | D:11     | Killed a cyan ugly thing
 11455 | D:12     | Noticed a phantasmal warrior
 11460 | D:12     | Mangled by a phantasmal warrior

Vault maps used:
D:1:      saegor_arrival_simple_e
D:2:      fedhas_altar_1, uniq_terence
D:4:      serial_shops, nicolae_shop_window_shopping, grunt_qazlal_sundering,
          uniq_purgy
D:5:      lemuel_doored_altar, first_bread, portal_sewer_entry_e
D:6:      nicolae_overflow_hidden_temple, lemuel_round_altar
D:7:      the_bakery
D:8:      lair_0_dummy, serial_shops, shop, minmay_crystal_room
D:9:      minitemple, nicolae_looking_at_the_future
D:10:     lemuel_slime, kennysheep_cluttered_room, grunt_ministairs_9
D:11:     orc_0_dummy, serial_shops, shop
D:12:     serial_undead, serial_undead_f, serial_undead_d, serial_undead_e,
          serial_undead_a, serial_undead_a, serial_undead_d, serial_undead_f,
          serial_undead_d
Temple:   oiseaux_autumnal_temple
Lair:1:   serial_bayou_crossing, uniq_joseph, uniq_harold, uniq_erica

Skill      XL: |  1  2  3  4  5  6  7  8  9 10 11 |
---------------+----------------------------------+-----
Spellcasting   | 2 4 6 |  6.5
Earth Magic    | 6 7 8 10 13 | 13.0
Transmutations | 1 2 3 4 6 |  6.5
Shields        | 2 |  2.8
Short Blades   | 1 6 7 |  7.0
Stealth        | 8 12 | 12.9
Dodging        | |  2.1

Action                   |  1- 3 |  4- 6 |  7- 9 | 10-12 || total
-------------------------+-------+-------+-------+-------++-------
Melee: Dagger            |       |     1 |    51 |   233 ||   285
       Short sword       |       |       |    28 |       ||    28
 Cast: Sandblast         |    29 |    94 |   199 |    12 ||   334
       Passwall          |       |     1 |     9 |    19 ||    29
       Lee's Rapid Decon |       |     1 |     5 |    14 ||    20
       Petrify           |       |       |    17 |    76 ||    93
Invok: Curse Item        |       |       |     2 |     2 ||     4
Evoke: Wand              |     1 |       |     4 |     7 ||    12
  Use: Scroll            |     3 |     1 |    18 |     3 ||    25
       Potion            |       |       |     4 |     7 ||    11
 Stab: Sleeping          |       |     1 |     4 |    33 ||    38
       Petrified         |       |       |    31 |    79 ||   110
       Petrifying        |       |       |     1 |     7 ||     8
       Invisible         |       |       |       |     4 ||     4
  Eat: Chunk             |       |     5 |    19 |    27 ||    51
       Meat ration       |       |       |     1 |       ||     1
       Beef jerky        |       |       |       |     1 ||     1
Armor: Robe              |     3 |     2 |    37 |    22 ||    64
Dodge: Dodged            |    12 |    22 |   107 |    88 ||   229
Block: Buckler           |       |       |    12 |    46 ||    58
